Wild vs BlackHawks

Created - December-02-13 at 17:59

Goals
1 2 3 OT1 SO T
Wild 0 2 0 0 2 3
BlackHawks 0 1 1 0 1 2
Shots
1 2 3 OT1 SO T
Wild 9 4 5 5 3 23
BlackHawks 6 11 11 2 3 30

1st period

No Goal

Penalties :
Zach Parise (CHI) for Interference (Minor) at 5:03

2nd period

1. BlackHawks , Bryan Little 6 (Zach Parise, Dan Boyle) at 1:47
2. Wild , Bobby Ryan 7 (Erik Cole, Andy McDonald) at 3:24
3. Wild , Andy McDonald 4 (Clayton Stoner, Erik Cole) at 12:02 (PP)

Penalties :
Simon Gagne (CHI) for Cross-checking (Minor) at 7:02, Nathan Horton (CHI) for Hooking (Minor) at 11:38, Bobby Ryan (MIN) for Hooking (Minor) at 16:30, Michael Stone (MIN) for Interference (Minor) at 19:38

3rd period

4. BlackHawks , Jamie McGinn 1 (P.K. Subban, Dion Phaneuf) at 4:21

Penalties :
Nathan Horton (CHI) for Hooking (Minor) at 8:32

Overtime #1

No Goal

Penalties :
No Penalty

Shootout

Penalty Shot by Patrik Berglund for Wild - Goal!
Penalty Shot by Zach Parise for BlackHawks - Goal!
Penalty Shot by Brent Burns for Wild - Goal!
Penalty Shot by Bryan Little for BlackHawks - Shot Misses the Net
Penalty Shot by Bobby Ryan for Wild - Shot Misses the Net
Penalty Shot by Martin Erat for BlackHawks - Stopped by Viktor Fasth

Penalties :
No Penalty

Goalie Stats

Viktor Fasth (MIN), 28 saves from 30 shots - (0.933), W, 8-11-1, 65:00 minutes
Braden Holtby (CHI), 21 saves from 23 shots - (0.913), OTL, 15-10-4, 65:00 minutes

Players Stats for Wild

Player Name              G  A  P  +/- PIM S  H  SB GA TA FO     MP     PP MP  PK MP  
------------------------------------------------------------------------------------
Alexei Ponikarovsky      0  0  0  -1  0   2  4  0  0  0  0/1    16:05   0:00   2:08 
Andrei Markov            0  0  0  -1  0   0  0  1  0  0  0/0    28:17   2:54   2:39 
Andrew Ebbett            0  0  0   0  0   0  0  0  0  0  0/0     1:23   0:24   0:00 
Andy McDonald            1  1  2   1  0   2  0  0  0  0  12/24  21:59   3:29   0:00 
Anton Babchuk            0  0  0   1  0   3  0  1  0  0  0/0    12:37   0:24   0:12 
Blake Comeau             0  0  0  -1  0   0  0  0  0  0  0/3    15:47   0:00   1:50 
Bobby Ryan               1  0  1   0  2   3  3  1  0  0  1/4    24:36   3:05   0:00 
Brent Burns              0  0  0   0  0   1  5  0  0  0  2/4    18:40   2:52   0:00 
Clayton Stoner           0  1  1   1  0   0  0  0  0  0  0/0    17:17   3:27   1:49 
Erik Cole                0  2  2   1  0   2  2  0  0  0  0/0    19:24   3:29   0:00 
Fedor Tyutin             0  0  0  -1  0   1  5  2  0  0  0/0    26:19   3:03   0:00 
Jay Pandolfo             0  0  0   0  0   0  0  0  0  0  2/6     2:08   0:00   2:08 
John-Michael Liles       0  0  0  -1  0   0  1  2  0  0  0/0    22:23   0:00   2:09 
Manny Malhotra           0  0  0  -1  0   1  0  0  0  0  2/13   15:47   0:00   1:50 
Michael Stone            0  0  0  -1  2   0  2  0  0  0  0/0    22:07   2:54   1:07 
Milan Michalek           0  0  0  -1  0   4  2  1  0  0  0/2    25:06   2:52   0:00 
Nolan Yonkman            0  0  0   0  0   0  0  0  0  0  0/0     0:59   0:00   0:00 
Patrik Berglund          0  0  0  -1  0   4  1  0  0  0  8/24   25:06   2:52   0:00 

Players Stats for BlackHawks

Player Name              G  A  P  +/- PIM S  H  SB GA TA FO     MP     PP MP  PK MP  
------------------------------------------------------------------------------------
Alexander Killorn        0  0  0   0  0   1  0  0  0  0  0/0    11:18   0:00   1:06 
Antoine Vermette         0  0  0  -1  0   2  2  0  0  0  13/18  18:32   1:55   1:23 
Brandon Bollig           0  0  0   1  0   0  4  0  0  0  2/3     9:51   0:00   2:19 
Bryan Bickell            0  0  0  -1  0   1  3  0  0  0  1/1    17:16   1:55   0:53 
Bryan Little             1  0  1   1  0   5  0  1  0  0  15/27  23:46   2:03   0:00 
Dan Boyle                0  1  1   1  0   3  0  2  0  0  0/0    23:05   1:20   2:23 
Dion Phaneuf             0  1  1   0  0   5  0  2  0  0  0/0    26:22   2:38   3:13 
Francis Bouillon         0  0  0   0  0   1  0  1  0  0  0/0    16:08   1:20   0:00 
Jamie McGinn             1  0  1   1  0   1  0  0  0  0  1/1     7:29   0:00   1:22 
Jay McClement            0  0  0   0  0   4  1  0  0  0  12/20  14:05   0:00   3:53 
Keith Aulie              0  0  0   1  0   0  7  0  0  0  0/0    20:18   0:00   3:28 
Martin Erat              0  0  0  -1  0   1  2  0  0  0  1/1    17:09   1:55   0:00 
Nathan Horton            0  0  0   1  4   1  3  0  0  0  3/3    24:06   2:03   1:46 
P.K. Subban              0  1  1   0  0   0  2  1  0  0  0/0    28:55   2:38   3:14 
Peter Regin              0  0  0   1  0   0  0  0  0  0  5/6     6:07   0:00   0:00 
Radko Gudas              0  0  0   0  0   0  2  1  0  0  0/0    15:12   0:00   0:24 
Simon Gagne              0  0  0   0  2   3  0  0  0  0  0/0    10:11   0:00   0:00 
Zach Parise              0  1  1   1  2   2  0  1  0  0  1/1    23:45   2:03   0:00 

3 Stars

1 - Andy McDonald (MIN)
2 - Erik Cole (MIN)
3 - Bryan Little (CHI)

Power Play

Wild - 1 on 4 Attempt(s) - 25.00%
BlackHawks - 0 on 2 Attempt(s) - 0.00%

Penalty Kill

Wild - 2 on 2 Attempt(s) - 100.00% - Score 0 goal in Penalty Kill
BlackHawks - 3 on 4 Attempt(s) - 75.00% - Score 0 goal in Penalty Kill

Official

Referees : Chris Lee and Kevin Pollock
Linesman : Scott Driscoll and Shane Heyer

Game Notes

No Game Note

Finance

Level 1 -- Attendance: 3931 (60.48%) -- Ticket Income $589,650
Level 2 -- Attendance: 2978 (59.56%) -- Ticket Income $333,536
Level 3 -- Attendance: 1857 (53.06%) -- Ticket Income $148,560
Level 4 -- Attendance: 1426 (31.69%) -- Ticket Income $81,282
Luxury Box -- Attendance: 543 (54.30%) -- Ticket Income $162,900
Game was played at the United Center
Total Attendance: 10735 (52.37%)
Total Ticket Income: $1,315,928
Other Income: $197,389
Total Income: $1,513,317


% Time on Ice - Wild

Lines # - Real PCT - Wanted PCT - Time Play
Normal Forward
1 - 34% - 35% - 16:47
2 - 32% - 35% - 15:55
3 - 28% - 15% - 13:57
4 - 6% - 15% - 3:02
Normal Defense
1 - 35% - 35% - 17:35
2 - 34% - 35% - 16:45
3 - 24% - 15% - 12:01
4 - 7% - 15% - 3:20
PP Forward
1 - 45% - 50% - 2:52
2 - 55% - 50% - 3:29
PP Defense
1 - 54% - 50% - 3:27
2 - 46% - 50% - 2:54
PK Forward
1 - 46% - 50% - 1:50
2 - 54% - 50% - 2:08
PK Defense
1 - 46% - 50% - 1:49
2 - 54% - 50% - 2:09
PK3 Forward
1 - 0% - 50%
2 - 0% - 50%
PK3 Defense
1 - 0% - 50%
2 - 0% - 50%
44 Forward
1 - 48% - 50% - 2:25
2 - 52% - 50% - 2:35
44 Defense
1 - 47% - 50% - 2:21
2 - 53% - 50% - 2:39
Last Minute Offensive  - 0:00
Last Minute Defensive  - 0:00
Total
Forward - 65:00
Defense - 65:00

% Time on Ice - BlackHawks

Lines # - Real PCT - Wanted PCT - Time Play
Normal Forward
1 - 38% - 40% - 18:54
2 - 29% - 30% - 14:28
3 - 21% - 20% - 10:12
4 - 12% - 10% - 6:07
Normal Defense
1 - 35% - 40% - 17:20
2 - 30% - 30% - 15:00
3 - 30% - 20% - 14:48
4 - 5% - 10% - 2:33
PP Forward
1 - 52% - 70% - 2:03
2 - 48% - 30% - 1:55
PP Defense
1 - 66% - 60% - 2:38
2 - 34% - 40% - 1:20
PK Forward
1 - 78% - 60% - 4:59
2 - 22% - 40% - 1:22
PK Defense
1 - 56% - 60% - 3:34
2 - 44% - 40% - 2:47
PK3 Forward
1 - 0% - 60%
2 - 0% - 40%
PK3 Defense
1 - 0% - 60%
2 - 0% - 40%
44 Forward
1 - 85% - 60% - 4:14
2 - 15% - 40% - 0:46
44 Defense
1 - 64% - 60% - 3:11
2 - 36% - 40% - 1:49
Last Minute Offensive  - 0:00
Last Minute Defensive  - 0:00
Total
Forward - 65:00
Defense - 65:00

Play by Play

1st period


0:01 of 1st period - Bryan Little wins face-off versus Patrik Berglund in neutral zone.
0:43 of 1st period - Bryan Little is hit by Fedor Tyutin and loses puck.
0:46 of 1st period - Shot by Nathan Horton.
0:46 of 1st period - Shot Misses the Net.
1:08 of 1st period - Shot by Andy McDonald.
1:08 of 1st period - Shot Misses the Net.
1:47 of 1st period - Shot by Simon Gagne.
1:47 of 1st period - Shot Blocked by Bobby Ryan.
1:49 of 1st period - Shot by Alexander Killorn.
1:49 of 1st period - Stopped by Viktor Fasth without a rebound.
1:50 of 1st period - Manny Malhotra wins face-off versus Peter Regin in Wild zone.
1:50 of 1st period - Manny Malhotra is hit by Brandon Bollig.
1:55 of 1st period - Alexei Ponikarovsky is hit by Brandon Bollig and loses puck.
2:25 of 1st period - Off-side.
2:26 of 1st period - Jay McClement wins face-off versus Patrik Berglund in neutral zone.
2:28 of 1st period - Off-side.
2:29 of 1st period - Jay McClement wins face-off versus Patrik Berglund in neutral zone.
2:51 of 1st period - Shot by Jay McClement.
2:51 of 1st period - Stopped by Viktor Fasth without a rebound.
2:52 of 1st period - Andy McDonald wins face-off versus Bryan Little in Wild zone.
3:27 of 1st period - Nathan Horton is hit by Erik Cole and loses puck.
3:34 of 1st period - Icing by Erik Cole.
3:35 of 1st period - Andy McDonald wins face-off versus Antoine Vermette in Wild zone.
3:50 of 1st period - P.K. Subban is hit by Erik Cole and loses puck.
4:19 of 1st period - Shot by Alexei Ponikarovsky.
4:19 of 1st period - Stopped by Braden Holtby without a rebound.
4:20 of 1st period - Jay McClement wins face-off versus Milan Michalek in BlackHawks zone.
4:20 of 1st period - Jay McClement is hit by Brent Burns.
4:27 of 1st period - Icing by John-Michael Liles.
4:28 of 1st period - Patrik Berglund wins face-off versus Bryan Little in Wild zone.
4:41 of 1st period - Fedor Tyutin is hit by Nathan Horton and loses puck.
5:03 of 1st period - Minor Penalty to Zach Parise for Interference.
5:04 of 1st period - Bobby Ryan wins face-off versus Jay McClement in BlackHawks zone.
5:48 of 1st period - Shot by Bobby Ryan.
5:48 of 1st period - Shot Misses the Net.
6:13 of 1st period - Icing by Fedor Tyutin.
6:14 of 1st period - Patrik Berglund wins face-off versus Jay McClement in Wild zone.
6:43 of 1st period - Shot by Patrik Berglund.
6:43 of 1st period - Stopped by Braden Holtby with a rebound.
7:50 of 1st period - Off-side.
7:51 of 1st period - Peter Regin wins face-off versus Bobby Ryan in neutral zone.
7:53 of 1st period - Dion Phaneuf is hit by Michael Stone and loses puck.
8:08 of 1st period - Shot by Jamie McGinn.
8:08 of 1st period - Shot Misses the Net.
9:00 of 1st period - Shot by Milan Michalek.
9:00 of 1st period - Stopped by Braden Holtby without a rebound.
9:01 of 1st period - Bryan Little wins face-off versus Blake Comeau in BlackHawks zone.
9:01 of 1st period - Bryan Little is hit by Alexei Ponikarovsky.
9:15 of 1st period - Shot by Alexei Ponikarovsky.
9:15 of 1st period - Stopped by Braden Holtby without a rebound.
9:16 of 1st period - Brent Burns wins face-off versus Jay McClement in BlackHawks zone.
9:16 of 1st period - Brent Burns is hit by P.K. Subban.
9:18 of 1st period - Shot by Patrik Berglund.
9:18 of 1st period - Stopped by Braden Holtby without a rebound.
9:19 of 1st period - Bryan Little wins face-off versus Patrik Berglund in BlackHawks zone.
9:29 of 1st period - Icing by Radko Gudas.
9:30 of 1st period - Bryan Little wins face-off versus Andy McDonald in BlackHawks zone.
9:59 of 1st period - Zach Parise is hit by Fedor Tyutin and loses puck.
10:03 of 1st period - Bryan Little is hit by Fedor Tyutin and loses puck.
10:11 of 1st period - Bryan Little is hit by Fedor Tyutin and loses puck.
10:59 of 1st period - Icing by Anton Babchuk.
11:00 of 1st period - Patrik Berglund wins face-off versus Antoine Vermette in Wild zone.
12:08 of 1st period - Shot by Manny Malhotra.
12:08 of 1st period - Shot Misses the Net.
12:14 of 1st period - Manny Malhotra is hit by Martin Erat and loses puck.
12:40 of 1st period - Shot by Bryan Little.
12:40 of 1st period - Stopped by Viktor Fasth without a rebound.
12:41 of 1st period - Jay McClement wins face-off versus Andy McDonald in Wild zone.
12:41 of 1st period - Jay McClement is hit by John-Michael Liles.
13:33 of 1st period - Icing by Fedor Tyutin.
13:34 of 1st period - Andy McDonald wins face-off versus Bryan Little in Wild zone.
13:44 of 1st period - Icing by Dion Phaneuf.
13:45 of 1st period - Bryan Little wins face-off versus Patrik Berglund in BlackHawks zone.
14:22 of 1st period - Shot by Brent Burns.
14:22 of 1st period - Shot Blocked by Bryan Little.
14:24 of 1st period - Shot by Milan Michalek.
14:24 of 1st period - Stopped by Braden Holtby without a rebound.
14:25 of 1st period - Antoine Vermette wins face-off versus Manny Malhotra in BlackHawks zone.
15:05 of 1st period - Shot by Bryan Bickell.
15:05 of 1st period - Stopped by Viktor Fasth without a rebound.
15:06 of 1st period - Jay McClement wins face-off versus Andy McDonald in Wild zone.
15:26 of 1st period - Shot by Bobby Ryan.
15:26 of 1st period - Shot Misses the Net.
15:28 of 1st period - Shot by Bobby Ryan.
15:28 of 1st period - Stopped by Braden Holtby without a rebound.
15:29 of 1st period - Bryan Little wins face-off versus Brent Burns in BlackHawks zone.
15:48 of 1st period - Shot by Nathan Horton.
15:48 of 1st period - Shot Misses the Net.
15:50 of 1st period - Shot by Francis Bouillon.
15:50 of 1st period - Shot Misses the Net.
15:52 of 1st period - Shot by Bryan Little.
15:52 of 1st period - Stopped by Viktor Fasth without a rebound.
15:53 of 1st period - Bryan Bickell wins face-off versus Andy McDonald in Wild zone.
16:17 of 1st period - Icing by Dion Phaneuf.
16:18 of 1st period - Antoine Vermette wins face-off versus Patrik Berglund in BlackHawks zone.
16:18 of 1st period - Antoine Vermette is hit by Brent Burns.
17:04 of 1st period - Andrei Markov is hit by Keith Aulie.
17:19 of 1st period - Bobby Ryan is hit by Keith Aulie and loses puck.
17:23 of 1st period - Andy McDonald is hit by Keith Aulie and loses puck.
17:52 of 1st period - Shot by Bobby Ryan.
17:52 of 1st period - Stopped by Braden Holtby with a rebound.
18:07 of 1st period - Bryan Little is hit by Alexei Ponikarovsky and loses puck.
18:14 of 1st period - Shot by Alexei Ponikarovsky.
18:14 of 1st period - Shot Misses the Net.
18:16 of 1st period - Shot by Clayton Stoner.
18:16 of 1st period - Shot Blocked by Dan Boyle.
18:18 of 1st period - Shot by Anton Babchuk.
18:18 of 1st period - Stopped by Braden Holtby without a rebound.
18:19 of 1st period - Brent Burns wins face-off versus Jay McClement in BlackHawks zone.
18:40 of 1st period - Shot by Milan Michalek.
18:40 of 1st period - Shot Blocked by P.K. Subban.
19:02 of 1st period - Shot by Dion Phaneuf.
19:02 of 1st period - Stopped by Viktor Fasth without a rebound.
19:03 of 1st period - Antoine Vermette wins face-off versus Andy McDonald in Wild zone.
19:28 of 1st period - Martin Erat is hit by Bobby Ryan and loses puck.
Goals for this period are 0 for Wild vs 0 for BlackHawks.
Shots for this period are 9 for Wild vs 6 for BlackHawks.

2nd period


0:01 of 2nd period - Bryan Little wins face-off versus Patrik Berglund in neutral zone.
0:12 of 2nd period - Shot by Zach Parise.
0:12 of 2nd period - Deflect By Nathan Horton.
0:12 of 2nd period - Stopped by Viktor Fasth without a rebound.
0:13 of 2nd period - Jamie McGinn wins face-off versus Manny Malhotra in Wild zone.
1:06 of 2nd period - Brandon Bollig is hit by Alexei Ponikarovsky and loses puck.
1:47 of 2nd period - Shot by Bryan Little.
1:47 of 2nd period - Goal by Bryan Little - Wild : 0 - BlackHawks : 1.
1:48 of 2nd period - Jay McClement wins face-off versus Bobby Ryan in neutral zone.
2:01 of 2nd period - Shot by Erik Cole.
2:01 of 2nd period - Deflect By Andy McDonald.
2:01 of 2nd period - Shot Blocked by Radko Gudas.
2:07 of 2nd period - Shot by Erik Cole.
2:07 of 2nd period - Stopped by Braden Holtby without a rebound.
2:08 of 2nd period - Patrik Berglund wins face-off versus Bryan Little in BlackHawks zone.
2:17 of 2nd period - Shot by Zach Parise.
2:17 of 2nd period - Stopped by Viktor Fasth without a rebound.
2:18 of 2nd period - Bryan Little wins face-off versus Patrik Berglund in Wild zone.
2:34 of 2nd period - Shot by Zach Parise.
2:34 of 2nd period - Shot Blocked by Fedor Tyutin.
3:24 of 2nd period - Shot by Bobby Ryan.
3:24 of 2nd period - Goal by Bobby Ryan - Wild : 1 - BlackHawks : 1.
3:25 of 2nd period - Jay McClement wins face-off versus Manny Malhotra in neutral zone.
4:09 of 2nd period - Shot by Simon Gagne.
4:09 of 2nd period - Stopped by Viktor Fasth without a rebound.
4:10 of 2nd period - Antoine Vermette wins face-off versus Bobby Ryan in Wild zone.
5:42 of 2nd period - Anton Babchuk is hit by Martin Erat and loses puck.
6:22 of 2nd period - Andrei Markov is hit by P.K. Subban and loses puck.
6:33 of 2nd period - Shot by Alexei Ponikarovsky.
6:33 of 2nd period - Shot Misses the Net.
6:35 of 2nd period - Shot by Blake Comeau.
6:35 of 2nd period - Shot Blocked by Dan Boyle.
6:49 of 2nd period - Icing by P.K. Subban.
6:50 of 2nd period - Bryan Little wins face-off versus Andy McDonald in BlackHawks zone.
7:02 of 2nd period - Minor Penalty to Simon Gagne for Cross-checking.
7:03 of 2nd period - Andy McDonald wins face-off versus Jay McClement in BlackHawks zone.
8:47 of 2nd period - Icing by Andy McDonald.
8:48 of 2nd period - Andy McDonald wins face-off versus Jay McClement in Wild zone.
8:48 of 2nd period - Andy McDonald is hit by Jay McClement.
9:36 of 2nd period - Shot by Bryan Bickell.
9:36 of 2nd period - Shot Misses the Net.
9:38 of 2nd period - Shot by Bryan Bickell.
9:38 of 2nd period - Shot Misses the Net.
9:40 of 2nd period - Shot by Francis Bouillon.
9:40 of 2nd period - Shot Misses the Net.
9:47 of 2nd period - Icing by Fedor Tyutin.
9:48 of 2nd period - Peter Regin wins face-off versus Manny Malhotra in Wild zone.
10:39 of 2nd period - Fedor Tyutin is hit by Keith Aulie.
11:05 of 2nd period - Shot by Bobby Ryan.
11:05 of 2nd period - Shot Misses the Net.
11:10 of 2nd period - Patrik Berglund is hit by Keith Aulie and loses puck.
11:38 of 2nd period - Minor Penalty to Nathan Horton for Hooking.
11:39 of 2nd period - Brandon Bollig wins face-off versus Andy McDonald in BlackHawks zone.
12:02 of 2nd period - Shot by Andy McDonald.
12:02 of 2nd period - Goal by Andy McDonald - Wild : 2 - BlackHawks : 1.
12:03 of 2nd period - Jay McClement wins face-off versus Patrik Berglund in neutral zone.
12:28 of 2nd period - Shot by Simon Gagne.
12:28 of 2nd period - Shot Misses the Net.
14:11 of 2nd period - Shot by Alexei Ponikarovsky.
14:11 of 2nd period - Shot Blocked by Zach Parise.
15:22 of 2nd period - Shot by Alexander Killorn.
15:22 of 2nd period - Deflect By Simon Gagne.
15:22 of 2nd period - Shot Misses the Net.
15:46 of 2nd period - Shot by Jay McClement.
15:46 of 2nd period - Shot Blocked by Anton Babchuk.
15:55 of 2nd period - Off-side.
15:56 of 2nd period - Andy McDonald wins face-off versus Bryan Little in neutral zone.
16:30 of 2nd period - Minor Penalty to Bobby Ryan for Hooking.
16:31 of 2nd period - Antoine Vermette wins face-off versus Manny Malhotra in Wild zone.
17:02 of 2nd period - Shot by Manny Malhotra.
17:02 of 2nd period - Stopped by Braden Holtby without a rebound.
17:03 of 2nd period - Bryan Little wins face-off versus Alexei Ponikarovsky in BlackHawks zone.
17:29 of 2nd period - Andrei Markov is hit by Nathan Horton and loses puck.
17:40 of 2nd period - Shot by Bryan Little.
17:40 of 2nd period - Stopped by Viktor Fasth with a rebound.
18:06 of 2nd period - Shot by Dion Phaneuf.
18:06 of 2nd period - Stopped by Viktor Fasth without a rebound.
18:07 of 2nd period - Martin Erat wins face-off versus Jay Pandolfo in Wild zone.
18:20 of 2nd period - Shot by Dion Phaneuf.
18:20 of 2nd period - Stopped by Viktor Fasth without a rebound.
18:21 of 2nd period - Antoine Vermette wins face-off versus Jay Pandolfo in Wild zone.
18:53 of 2nd period - Shot by Jay McClement.
18:53 of 2nd period - Stopped by Viktor Fasth without a rebound.
18:54 of 2nd period - Bryan Little wins face-off versus Brent Burns in Wild zone.
19:01 of 2nd period - Shot by Zach Parise.
19:01 of 2nd period - Shot Misses the Net.
19:03 of 2nd period - Shot by Francis Bouillon.
19:03 of 2nd period - Stopped by Viktor Fasth with a rebound.
19:05 of 2nd period - Shot by Bryan Little.
19:05 of 2nd period - Shot Misses the Net.
19:07 of 2nd period - Shot by Radko Gudas.
19:07 of 2nd period - Deflect By Zach Parise.
19:07 of 2nd period - Shot Misses the Net.
19:09 of 2nd period - Shot by Nathan Horton.
19:09 of 2nd period - Shot Blocked by John-Michael Liles.
19:11 of 2nd period - Shot by Zach Parise.
19:11 of 2nd period - Shot Blocked by Fedor Tyutin.
19:13 of 2nd period - Shot by Nathan Horton.
19:13 of 2nd period - Shot Misses the Net.
19:27 of 2nd period - Shot by Nathan Horton.
19:27 of 2nd period - Shot Blocked by John-Michael Liles.
19:29 of 2nd period - Shot by Zach Parise.
19:29 of 2nd period - Stopped by Viktor Fasth with a rebound.
19:31 of 2nd period - Shot by Bryan Little.
19:31 of 2nd period - Stopped by Viktor Fasth without a rebound.
19:32 of 2nd period - Antoine Vermette wins face-off versus Andy McDonald in Wild zone.
19:38 of 2nd period - Minor Penalty to Michael Stone for Interference.
19:39 of 2nd period - Jay Pandolfo wins face-off versus Antoine Vermette in Wild zone.
Goals for this period are 2 for Wild vs 1 for BlackHawks.
Shots for this period are 4 for Wild vs 11 for BlackHawks.

3rd period


0:01 of 3rd period - Jay Pandolfo wins face-off versus Bryan Little in neutral zone.
0:13 of 3rd period - Icing by Dion Phaneuf.
0:14 of 3rd period - Bryan Little wins face-off versus Blake Comeau in BlackHawks zone.
0:27 of 3rd period - Icing by Zach Parise.
0:28 of 3rd period - Nathan Horton wins face-off versus Jay Pandolfo in BlackHawks zone.
0:55 of 3rd period - Shot by Dion Phaneuf.
0:55 of 3rd period - Stopped by Viktor Fasth without a rebound.
0:56 of 3rd period - Antoine Vermette wins face-off versus Manny Malhotra in Wild zone.
1:06 of 3rd period - Shot by Dan Boyle.
1:06 of 3rd period - Shot Misses the Net.
1:08 of 3rd period - Shot by Dan Boyle.
1:08 of 3rd period - Stopped by Viktor Fasth without a rebound.
1:09 of 3rd period - Antoine Vermette wins face-off versus Manny Malhotra in Wild zone.
1:20 of 3rd period - Shot by Dion Phaneuf.
1:20 of 3rd period - Stopped by Viktor Fasth without a rebound.
1:21 of 3rd period - Bryan Little wins face-off versus Jay Pandolfo in Wild zone.
1:32 of 3rd period - Shot by Dan Boyle.
1:32 of 3rd period - Stopped by Viktor Fasth with a rebound.
1:49 of 3rd period - Bobby Ryan is hit by Antoine Vermette and loses puck.
2:28 of 3rd period - Fedor Tyutin is hit by Bryan Bickell and loses puck.
3:11 of 3rd period - Shot by Bryan Little.
3:11 of 3rd period - Shot Misses the Net.
3:13 of 3rd period - Shot by Dan Boyle.
3:13 of 3rd period - Shot Misses the Net.
3:39 of 3rd period - Shot by Alexander Killorn.
3:39 of 3rd period - Shot Misses the Net.
3:44 of 3rd period - Icing by Andrei Markov.
3:45 of 3rd period - Peter Regin wins face-off versus Manny Malhotra in Wild zone.
4:21 of 3rd period - Shot by Jamie McGinn.
4:21 of 3rd period - Goal by Jamie McGinn - Wild : 2 - BlackHawks : 2.
4:22 of 3rd period - Antoine Vermette wins face-off versus Andy McDonald in neutral zone.
4:22 of 3rd period - Martin Erat is hit by Bobby Ryan and loses puck.
4:31 of 3rd period - Shot by Bobby Ryan.
4:31 of 3rd period - Shot Misses the Net.
4:33 of 3rd period - Shot by Clayton Stoner.
4:33 of 3rd period - Shot Blocked by Francis Bouillon.
4:35 of 3rd period - Shot by Erik Cole.
4:35 of 3rd period - Stopped by Braden Holtby with a rebound.
4:37 of 3rd period - Shot by Anton Babchuk.
4:37 of 3rd period - Stopped by Braden Holtby without a rebound.
4:38 of 3rd period - Nathan Horton wins face-off versus Patrik Berglund in BlackHawks zone.
4:48 of 3rd period - Shot by Fedor Tyutin.
4:48 of 3rd period - Shot Misses the Net.
4:52 of 3rd period - Shot by Brent Burns.
4:52 of 3rd period - Stopped by Braden Holtby without a rebound.
4:53 of 3rd period - Andy McDonald wins face-off versus Antoine Vermette in BlackHawks zone.
5:04 of 3rd period - Shot by Bryan Bickell.
5:04 of 3rd period - Shot Misses the Net.
6:22 of 3rd period - Icing by Zach Parise.
6:23 of 3rd period - Bryan Little wins face-off versus Manny Malhotra in BlackHawks zone.
6:23 of 3rd period - Bryan Little is hit by Alexei Ponikarovsky.
6:33 of 3rd period - Shot by Bryan Little.
6:33 of 3rd period - Shot Misses the Net.
7:03 of 3rd period - Alexei Ponikarovsky is hit by Radko Gudas and loses puck.
7:28 of 3rd period - Francis Bouillon is hit by Brent Burns and loses puck.
7:32 of 3rd period - Off-side.
7:33 of 3rd period - Andy McDonald wins face-off versus Antoine Vermette in neutral zone.
7:46 of 3rd period - Shot by Erik Cole.
7:46 of 3rd period - Shot Misses the Net.
7:48 of 3rd period - Shot by Anton Babchuk.
7:48 of 3rd period - Shot Blocked by Dion Phaneuf.
7:50 of 3rd period - Shot by Anton Babchuk.
7:50 of 3rd period - Stopped by Braden Holtby without a rebound.
7:51 of 3rd period - Peter Regin wins face-off versus Milan Michalek in BlackHawks zone.
7:51 of 3rd period - Peter Regin is hit by Brent Burns.
7:56 of 3rd period - Dan Boyle is hit by Fedor Tyutin and loses puck.
8:17 of 3rd period - Shot by Milan Michalek.
8:17 of 3rd period - Stopped by Braden Holtby without a rebound.
8:18 of 3rd period - Zach Parise wins face-off versus Andy McDonald in BlackHawks zone.
8:32 of 3rd period - Minor Penalty to Nathan Horton for Hooking.
8:33 of 3rd period - Jay McClement wins face-off versus Patrik Berglund in BlackHawks zone.
9:08 of 3rd period - Dion Phaneuf is hit by Patrik Berglund and loses puck.
9:26 of 3rd period - Icing by Erik Cole.
9:27 of 3rd period - Andy McDonald wins face-off versus Jay McClement in Wild zone.
9:27 of 3rd period - Andy McDonald is hit by Bryan Bickell.
9:42 of 3rd period - Andrei Markov is hit by Keith Aulie and loses puck.
10:53 of 3rd period - Alexei Ponikarovsky is hit by Radko Gudas and loses puck.
11:30 of 3rd period - Icing by John-Michael Liles.
11:31 of 3rd period - Manny Malhotra wins face-off versus Jay McClement in Wild zone.
11:41 of 3rd period - Icing by P.K. Subban.
11:42 of 3rd period - Jay McClement wins face-off versus Patrik Berglund in BlackHawks zone.
11:42 of 3rd period - Jay McClement is hit by Brent Burns.
12:00 of 3rd period - Shot by Jay McClement.
12:00 of 3rd period - Stopped by Viktor Fasth with a rebound.
12:07 of 3rd period - Simon Gagne is hit by Michael Stone and loses puck.
12:14 of 3rd period - Shot by Jay McClement.
12:14 of 3rd period - Deflect By Alexander Killorn.
12:14 of 3rd period - Shot Misses the Net.
12:16 of 3rd period - Shot by Simon Gagne.
12:16 of 3rd period - Stopped by Viktor Fasth without a rebound.
12:17 of 3rd period - Antoine Vermette wins face-off versus Andy McDonald in Wild zone.
12:20 of 3rd period - Shot by Dan Boyle.
12:20 of 3rd period - Stopped by Viktor Fasth without a rebound.
12:21 of 3rd period - Andy McDonald wins face-off versus Bryan Little in Wild zone.
12:38 of 3rd period - Shot by Zach Parise.
12:38 of 3rd period - Shot Misses the Net.
14:07 of 3rd period - Icing by Andrei Markov.
14:08 of 3rd period - Jay McClement wins face-off versus Patrik Berglund in Wild zone.
14:17 of 3rd period - Shot by Jay McClement.
14:17 of 3rd period - Shot Misses the Net.
14:19 of 3rd period - Shot by Jay McClement.
14:19 of 3rd period - Shot Misses the Net.
14:59 of 3rd period - Michael Stone is hit by Keith Aulie and loses puck.
15:18 of 3rd period - Shot by Zach Parise.
15:18 of 3rd period - Shot Misses the Net.
15:48 of 3rd period - Andy McDonald is hit by Nathan Horton and loses puck.
16:15 of 3rd period - Fedor Tyutin is hit by Antoine Vermette and loses puck.
16:43 of 3rd period - Fedor Tyutin is hit by Bryan Bickell.
17:24 of 3rd period - Shot by Jay McClement.
17:24 of 3rd period - Stopped by Viktor Fasth without a rebound.
17:25 of 3rd period - Peter Regin wins face-off versus Manny Malhotra in Wild zone.
18:19 of 3rd period - Anton Babchuk is hit by Brandon Bollig and loses puck.
18:29 of 3rd period - Off-side.
18:30 of 3rd period - Patrik Berglund wins face-off versus Bryan Little in neutral zone.
18:35 of 3rd period - Shot by Milan Michalek.
18:35 of 3rd period - Shot Misses the Net.
19:40 of 3rd period - Shot by Martin Erat.
19:40 of 3rd period - Stopped by Viktor Fasth without a rebound.
19:41 of 3rd period - Jay McClement wins face-off versus Blake Comeau in Wild zone.
19:46 of 3rd period - Shot by Simon Gagne.
19:46 of 3rd period - Stopped by Viktor Fasth without a rebound.
19:47 of 3rd period - Antoine Vermette wins face-off versus Manny Malhotra in Wild zone.
Goals for this period are 0 for Wild vs 1 for BlackHawks.
Shots for this period are 5 for Wild vs 11 for BlackHawks.

Overtime #1


0:01 of 1st overtime period - Patrik Berglund wins face-off versus Bryan Little in neutral zone.
0:04 of 1st overtime period - Shot by Milan Michalek.
0:04 of 1st overtime period - Stopped by Braden Holtby without a rebound.
0:05 of 1st overtime period - Andy McDonald wins face-off versus Bryan Little in BlackHawks zone.
0:43 of 1st overtime period - Off-side.
0:44 of 1st overtime period - Patrik Berglund wins face-off versus Bryan Little in neutral zone.
0:51 of 1st overtime period - Shot by Milan Michalek.
0:51 of 1st overtime period - Shot Misses the Net.
0:53 of 1st overtime period - Shot by Patrik Berglund.
0:53 of 1st overtime period - Stopped by Braden Holtby with a rebound.
1:13 of 1st overtime period - Shot by Patrik Berglund.
1:13 of 1st overtime period - Stopped by Braden Holtby without a rebound.
1:14 of 1st overtime period - Antoine Vermette wins face-off versus Andy McDonald in BlackHawks zone.
1:23 of 1st overtime period - Shot by Antoine Vermette.
1:23 of 1st overtime period - Stopped by Viktor Fasth without a rebound.
1:24 of 1st overtime period - Bryan Little wins face-off versus Patrik Berglund in Wild zone.
1:33 of 1st overtime period - Shot by Zach Parise.
1:33 of 1st overtime period - Shot Misses the Net.
1:35 of 1st overtime period - Shot by Bryan Little.
1:35 of 1st overtime period - Shot Misses the Net.
1:37 of 1st overtime period - Shot by Bryan Little.
1:37 of 1st overtime period - Shot Blocked by Andrei Markov.
1:39 of 1st overtime period - Shot by P.K. Subban.
1:39 of 1st overtime period - Shot Misses the Net.
1:43 of 1st overtime period - Shot by Zach Parise.
1:43 of 1st overtime period - Shot Blocked by Milan Michalek.
1:45 of 1st overtime period - Shot by Zach Parise.
1:45 of 1st overtime period - Shot Misses the Net.
2:51 of 1st overtime period - Shot by Antoine Vermette.
2:51 of 1st overtime period - Stopped by Viktor Fasth without a rebound.
2:52 of 1st overtime period - Nathan Horton wins face-off versus Patrik Berglund in Wild zone.
3:01 of 1st overtime period - Dion Phaneuf is hit by Milan Michalek and loses puck.
3:07 of 1st overtime period - Icing by Dion Phaneuf.
3:08 of 1st overtime period - Andy McDonald wins face-off versus Brandon Bollig in BlackHawks zone.
3:39 of 1st overtime period - Icing by P.K. Subban.
3:40 of 1st overtime period - Brandon Bollig wins face-off versus Patrik Berglund in BlackHawks zone.
4:05 of 1st overtime period - Shot by Milan Michalek.
4:05 of 1st overtime period - Shot Blocked by Dion Phaneuf.
4:11 of 1st overtime period - Andrei Markov is hit by Brandon Bollig and loses puck.
4:22 of 1st overtime period - Zach Parise is hit by Milan Michalek and loses puck.
4:42 of 1st overtime period - Dan Boyle is hit by Bobby Ryan and loses puck.
4:53 of 1st overtime period - Shot by Andy McDonald.
4:53 of 1st overtime period - Stopped by Braden Holtby with a rebound.
4:55 of 1st overtime period - Shot by Fedor Tyutin.
4:55 of 1st overtime period - Stopped by Braden Holtby without a rebound.
4:56 of 1st overtime period - Patrik Berglund wins face-off versus Bryan Little in BlackHawks zone.
Goals for this period are 0 for Wild vs 0 for BlackHawks.
Shots for this period are 5 for Wild vs 2 for BlackHawks.

ShootOut


5:00 of 1st overtime period - Penalty Shot by Patrik Berglund for Wild.
5:00 of 1st overtime period - Goal by Patrik Berglund.
5:00 of 1st overtime period - Penalty Shot by Zach Parise for BlackHawks.
5:00 of 1st overtime period - Goal by Zach Parise.
5:00 of 1st overtime period - Penalty Shot by Brent Burns for Wild.
5:00 of 1st overtime period - Goal by Brent Burns.
5:00 of 1st overtime period - Penalty Shot by Bryan Little for BlackHawks.
5:00 of 1st overtime period - Shot Misses the Net.
5:00 of 1st overtime period - Penalty Shot by Bobby Ryan for Wild.
5:00 of 1st overtime period - Shot Misses the Net.
5:00 of 1st overtime period - Penalty Shot by Martin Erat for BlackHawks.
5:00 of 1st overtime period - Stopped by Viktor Fasth.


Output by the SimonT Hockey Simulator (STHS) for Stephane Roy -- Original Page W3C XHTML 1.0 Valid
Hockey Simulator - Hockey Simulation - Hockey Manager